 Dungeon Crawl Stone Soup version 0.30-a0-702-gdf48620a09 (webtiles) character file.

Game seed: 3435651766365880853

32 CrazyBamboolord the Insei (level 3, -3/36 HPs)
             Began as an Octopode Transmuter on Jan 21, 2023.
             Killed from afar by Sigmund (7 damage)
             ... with a puff of flame
             ... on level 2 of the Dungeon.
             The game lasted 00:03:28 (1190 turns).

CrazyBamboolord the Insei (Octopode Transmuter)     Turns: 1190, Time: 00:03:28

Health: -3/36      AC: 21    Str:  5    XL:     3   Next: 25%
Magic:  6/6        EV:  2    Int: 22    God:
Gold:   80         SH:  5    Dex: 12    Spells: 0/6 levels left

rFire   . . .      SeeInvis .      - Unarmed
rCold   . . .      Faith    .    (no shield)
rNeg    . . .      Spirit   .    (helmet currently unavailable)
rPois   +          Reflect  +    g - amulet "Zuuvyc" {Reflect rPois Str-4 Int+5 SH+5}
rElec   .          Harm     .    e - ring of flight
rCorr   .          Rampage  .    (no ring)
Will    .....      NoTele   +    (no ring)
Stlth   +                        (no ring)
HPRegen 0.26/turn                (no ring)
MPRegen 0.10/turn                (no ring)
                                 (no ring)
                                 (no ring)

@: brilliant, tree-form
A: stationary, stasis, torment immunity, boosted hp, almost no armour,
(amphibious), 8 rings, (camouflage 1), (gelatinous body 1), (nimble swimmer 1),
(tentacles)
a: no special abilities


You were on level 2 of the Dungeon.
You were a tree.
You visited 1 branch of the dungeon, and saw 2 of its levels.

You collected 80 gold pieces.

Inventory:

Jewellery
 e - a ring of flight (left branch)
 g - the amulet "Zuuvyc" (around neck) {Reflect rPois Str-4 Int+5 SH+5}
   (You found it on level 2 of the Dungeon)

   [amulet of reflection]

   It reflects blocked missile attacks.
   Str:       It affects your strength (-4).
   Int:       It affects your intelligence (+5).
   rPois:     It protects you from poison.
   SH:        It affects your SH (+5).


   Skills:
 * Level 1.8 Fighting
 * Level 2.0 Dodging
 + Level 0.5 Stealth
 * Level 3.5 Unarmed Combat
 * Level 2.3 Spellcasting
 * Level 2.0 Transmutations
 * Level 0.1 Poison Magic


You couldn't memorise any spells.
You knew the following spells:

 Your Spells              Type           Power      Damage    Failure   Level
a - Beastly Appendage     Tmut           34%        N/A       6%          1
b - Wereblood             Tmut           17%        N/A       9%          2
c - Spider Form           Tmut/Pois      10%        N/A       26%         3

Your spell library contained the following spells:

 Spells                   Type           Power      Damage    Failure   Level
 Portal Projectile        Hex/Tloc       6%         N/A       38%         3
 Tukima's Dance           Hex            3%         N/A       38%         3
 Ice Form                 Ice/Tmut       10%        N/A       65%         4
 Blade Hands              Tmut           8%         N/A       85%         5


Dungeon Overview and Level Annotations

Branches:
Dungeon (2/15)

Altars:

Annotations:
D:2 Sigmund


Innate Abilities, Weirdness & Mutations

You are a tree.
Your roots penetrate the ground, keeping you stationary.
You cannot be teleported.
You are immune to unholy pain and torment.
Your maximum health is greatly increased.
You cannot wear most types of armour.
((You are amphibious.))
You can wear up to eight rings at the same time.
((Your skin changes colour to match your surroundings (Stealth+).))
((Your rubbery body absorbs attacks. (AC +1, EV +1)))
((You are camouflaged when in or above water. (Stealth+)))
((You have tentacles for arms and can constrict up to eight enemies at once.))


Message History

Press: ? - help, Dir - move target
Aim: Disturbance (black smoke)
You miss something. Something hits you but does no damage.
Smack: -) Branches
Press: ? - help, Dir - move target
Aim: Disturbance (black smoke)
You closely miss something.
Unknown command.
Smack: -) Branches
Press: ? - help, Dir - move target
Aim: Disturbance (black smoke)
You closely miss something. You punch something.
You hear some strange, mumbled words.
You are confused.
You attack the rock wall.
Something hits you but does no damage.
You cannot move. (Use ctrl+direction or * direction to attack while stationary and confused.)
You attack the rock wall.
Confused smack: -) Branches
Press: ? - help, Dir - move target
Aim: Disturbance (black smoke)
You hit something. Something hits you.
* * * LOW HITPOINT WARNING * * *
Confused smack: -) Branches
Press: ? - help, Dir - move target
Aim: Disturbance (black smoke)
You hit something. Something hits you but does no damage.
You swing at nothing.
You cannot move. (Use ctrl+direction or * direction to attack while stationary and confused.) Unknown command.
You swing at nothing.
You feel less confused. Something hits you but does no damage.
Smack: -) Branches
Press: ? - help, Dir - move target
Aim: Disturbance (black smoke)
You smack something!
You hear some strange, mumbled words.
A puff of flame appears from out of thin air!
The puff of flame hits you!
You die...

................####.....
......#.........# .....
.....)#.........+ ....
...{. #.........# ...
.... #...§§§§§.+ ....
.... #...§§§§§.###... .
#...§§§§§....^>.
########{.##.#. ###♣.#
#....# #.#......#
#.######## #. ##


There were no monsters in sight!

Vanquished Creatures
  A worm (D:2)
  3 bats (D:1)
  3 endoplasms (D:1)
  3 giant cockroaches (D:1)
  2 goblins (D:1)
  3 hobgoblins (D:1)
  3 kobolds
  A quokka (D:1)
  2 ball pythons (D:1)
  4 rats (D:1)
25 creatures vanquished.

Notes
Turn   | Place    | Note
-------+----------+-------------------------------------------
     0 | D:1      | CrazyBamboolord the Octopode Transmuter began the quest for
                  | the Orb.
     0 | D:1      | Reached XP level 1. HP: 13/13 MP: 3/3
   142 | D:1      | Reached XP level 2. HP: 13/18 MP: 3/5
   656 | D:1      | Reached XP level 3. HP: 14/23 MP: 6/6
   659 | D:1      | Learned a level 2 spell: Wereblood
   663 | D:1      | Learned a level 3 spell: Spider Form
  1103 | D:2      | Identified the amulet "Zuuvyc" {Reflect rPois Str-4 Int+5
                  | SH+5}
  1159 | D:2      | Noticed Sigmund
  1190 | D:2      | Killed from afar by Sigmund

Illustrated notes

Levels and vault maps discovered:
D:1:      saegor_arrival_simple_a, layout_basic, fountainhead
D:2:      layout_basic, kennysheep_small_spiral, minmay_tetromino_t2,
          uniq_terence, uniq_sigmund

Action                   || total
-------------------------++-------
Melee: Unarmed           ||    54
       Constrict         ||    10
       Tentacles         ||     8
       Kick              ||    12
       Punch             ||     2
 Cast: Beastly Appendage ||    21
  Use: Scroll            ||     3
       Potion            ||     3
 Stab: Sleeping          ||     6
Armor: Skin              ||     6
Dodge: Dodged            ||    31
Block: Other             ||     1

Table legend: (Time is in decaauts)
 A = Elapsed time spent in this place.
 B = Non-inter-level travel time spent in this place.
 C = Inter-level travel time spent in this place.
 D = Time resting spent in this place.
 E = Time spent auto-exploring this place.
 F = Levels seen in this place.
 G = Mean time per level.
                   A        B        C        D        E       F      G
               +--------+--------+--------+--------+--------+-----+--------+
         Total |   1186 |   1144 |     42 |      0 |    935 |   2 |  593.0 |
       Dungeon |   1186 |   1144 |     42 |      0 |    935 |   2 |  593.0 |
               +--------+--------+--------+--------+--------+-----+--------+

Top non-repeatable levels by time:
     D:1: 1054 daAuts
     D:2: 131 daAuts
